 Dungeon Crawl Stone Soup version 0.22.1-2-g9c5b331 (webtiles) character file.

14613 magicm the Carver (level 11, -16/148 HPs)
             Began as a Minotaur Berserker on Nov 18, 2018.
             Was an Elder of Trog.
             Demolished by Rupert
             ... wielding a +1 triple sword of slicing
              (35 damage)
             ... on level 3 of the Lair of Beasts.
             The game lasted 00:55:10 (14040 turns).

magicm the Carver (Minotaur Berserker)             Turns: 14040, Time: 00:55:13

Health: -16/148    AC: 16    Str: 34    XL:     11   Next: 91%
Magic:  8/8        EV: 12    Int:  4    God:    Trog [****..]
Gold:   865        SH:  5    Dex: 10    Spells: 10/10 levels left

rFire    . . .     SeeInvis +   A - +3 broad axe "Enteo" {freeze, +Rage Str+2 SInv Stlth+}
rCold    + . .     Gourm    .   l - +1 buckler
rNeg     . . .     Faith    .   C - +2 scale mail {rC+}
rPois    .         Spirit   .   (helmet restricted)
rElec    .         Reflect  .   y - scarf {repulsion}
rCorr    .         Harm     .   i - +1 pair of gloves
MR       .....                  m - +1 pair of boots
Stlth    ..........             z - amulet of the acrobat
HPRegen  0.00/turn              e - ring of stealth
MPRegen  0.11/turn              q - ring of see invisible

@: berserking, repel missiles, very quick
A: retaliatory headbutt, horns 2, low mp 1, inhibited regeneration, strong 1, no
potion heal 1
a: Berserk, Trog's Hand, Brothers in Arms, Renounce Religion, Evoke Berserk Rage


You were on level 3 of the Lair of Beasts.
You worshipped Trog.
Trog was greatly pleased with you.
You were not hungry.

You visited 2 branches of the dungeon, and saw 14 of its levels.
You also visited: Ossuary.

You collected 1000 gold pieces.
You spent 135 gold pieces at shops.

Inventory:

Hand Weapons
 d - the +4 long sword of Cheibriados's Anger {slice, MR+ Int+7}
   (You found it on level 4 of the Dungeon)

   It inflicts extra damage upon your enemies.
   It affects your intelligence (+7).
   It affects your resistance to hostile enchantments.
 A - the +3 broad axe "Enteo" (weapon) {freeze, +Rage Str+2 SInv Stlth+}
   (You found it on level 11 of the Dungeon)

   It has been specially enchanted to freeze those struck by it, causing extra
   injury to most foes and up to half again as much damage against particularly
   susceptible opponents.
   It can also slow down cold-blooded creatures.
   It affects your strength (+2).
   It lets you see invisible.
   It lets you go berserk.
   It makes you more stealthy.
Missiles
 s - 5 tomahawks of returning (quivered)
Armour
 i - a +1 pair of gloves (worn)
 l - a +1 buckler (worn)
 m - a +1 pair of boots (worn)
 p - a +0 plate armour
 y - a scarf of repulsion (worn)
 C - a +2 scale mail of cold resistance (worn)
Jewellery
 e - a ring of stealth (left hand)
 q - a ring of see invisible (right hand)
 v - an uncursed ring of ice
 z - an amulet of the acrobat (around neck)
 B - an uncursed ring of ice
Wands
 h - a wand of acid (3)
Scrolls
 f - 8 scrolls of remove curse
 j - 5 scrolls of magic mapping
 k - 4 scrolls of teleportation
 x - a scroll of fog
Potions
 a - 7 potions of might
 b - 4 potions of haste
 c - 5 potions of curing
 g - 3 potions of agility
 r - 3 potions of ambrosia
 t - 3 potions of flight
 u - 2 potions of brilliance
 w - a potion of cancellation
Comestibles
 o - 4 rations


   Skills:
 + Level 9.8 Fighting
 + Level 12.2 Long Blades
 + Level 9.1 Axes
 + Level 6.7 Throwing
 + Level 11.1 Armour
 + Level 4.0 Dodging
 + Level 2.6 Stealth
 + Level 4.3 Shields


You had 10 spell levels left.
You didn't know any spells.
Your spell library was empty.

Dungeon Overview and Level Annotations

Branches:
Dungeon (11/15)            Temple (0/1) D:7            Lair (3/6) D:9
  Snake (0/4) Lair:2          Orc (0/2) D:11
  Swamp: Lair:2-4    Shoals: Lair:2-4

Altars:
Ashenzari
Cheibriados
Fedhas
Gozag
Nemelex Xobeh
Ru
Xom
The Shining One

Shops:
D:4 [   D:8 (

Annotations:
D:6 2 transporters
Lair:3 Rupert


Innate Abilities, Weirdness & Mutations

You reflexively headbutt those who attack you in melee.
You have a pair of horns on your head.
Your magical capacity is low. (-10% MP)
You do not regenerate when monsters are visible.
Your muscles are strong. (Str +2)
Potions are less effective at restoring your health.


Message History

You fail to use your ability.
You block the black mamba's attack. Rupert misses you. You furiously retaliate!
You headbutt Rupert.
You fail to use your ability.
The black mamba is no longer moving slowly.
The black mamba bites you.
Rupert hits you with a triple sword of slicing!!
* * * LOW HITPOINT WARNING * * *
x2 The black mamba bites you but does no damage.
Your system partially rejects the healing.
You feel much better. The black mamba bites you!
* * * LOW HITPOINT WARNING * * *
You block Rupert's attack.
A red film seems to cover your vision as you go berserk!
You feel yourself moving faster!
You feel mighty!
You feel quite a bit more hungry. The black mamba bites you.
* * * LOW HITPOINT WARNING * * *
The black mamba bites you.
* * * LOW HITPOINT WARNING * * *
Rupert hits you with a triple sword of slicing!!
You die...

..##...#.....###..####Pā‰ˆā‰ˆā‰ˆ.###
# ...)........P#.....P.##..ā‰ˆ..##
.###...##............>.......#### ##
#...#######.P#..##.P.P..#..#.#
#..#.# ####.#.###.##.#.###. ##.###
#..### ####.#.###. ##.# ##.#
#....... ###..# ###.# ##..###.
#....# #@@.# ##.###. ##....#
..(...S...# #..... ....P##
.#.######## ###.## ###.####.P ###.
#..# #..# ## ###.###..## #.
#.#.##....## ##### .#..##.....## ###
#.### .P..##....#.###.# ###...


You could see Rupert (berserk) and a black mamba.

Vanquished Creatures
  A two-headed ogre (D:11)
  Psyche (D:8)
  4 spiny frogs
  A centaur skeleton (D:10)
  2 rime drakes (D:11)
  2 komodo dragons
  A polar bear (D:11)
  3 trolls
  4 hippogriffs
  A spriggan (D:9)
  A shadow (D:7)
  A wraith (D:9)
  5 yaks
  A basilisk (D:10)
  A wyvern (Lair:3)
  A steam dragon (D:10)
  5 water moccasins
  2 wargs (D:9)
  2 nagas (Lair:2)
  4 porcupines (Lair:1)
  2 black bears
  A phantom (D:9)
  3 orc warriors
  3 ice beasts
  2 ogres
  5 centaurs
  5 crocodiles
  4 bullfrogs
  A gnoll sergeant (D:11)
  A wyvern zombie (D:10)
  A scorpion (D:10)
  15 wights
  4 howler monkeys
  3 crimson imps
  A bullfrog zombie (D:8)
  2 jellies
  A centaur zombie (D:5)
  8 orc priests
  7 hounds
  2 quasits (D:8)
  4 bullfrog skeletons
  3 iguanas
  11 orc wizards
  Natasha (thrice) (D:2)
  7 worker ants
  A hound zombie (D:8)
  8 mummies (Ossuary)
  10 adders
  2 shadow imps
  4 oozes
  3 worms
  3 dart slugs
  2 leopard geckos (D:4)
  36 orcs
  6 bats
  A bat zombie (D:1)
  5 giant cockroaches
  2 gnoll zombies (Ossuary)
  5 goblins
  7 hobgoblins
  10 jackals
  6 kobolds
  3 quokkas
  6 frilled lizards
  A goblin zombie (D:8)
  4 hobgoblin zombies (Ossuary)
  2 kobold zombies (Ossuary)
  A leopard gecko zombie (D:1)
  3 quokka skeletons
  A quokka zombie (D:8)
  8 rats
282 creatures vanquished.

Vanquished Creatures (collateral kills)
  A frost giant (D:11)
  Harold (Lair:1)
  A centaur skeleton (D:11)
  A wyvern (D:11)
  6 yaks
  An orc warrior (D:10)
  A howler monkey (D:11)
  An orc wizard (D:10)
  4 gnolls (D:11)
17 creatures vanquished.

Grand Total: 299 creatures vanquished

Notes
Turn   | Place    | Note
-------+----------+-------------------------------------------
     0 | D:1      | magicm the Minotaur Berserker began the quest for the Orb.
     0 | D:1      | Reached XP level 1. HP: 19/19 MP: 0/0
   423 | D:1      | Reached XP level 2. HP: 23/27 MP: 1/1
  1349 | D:2      | Reached XP level 3. HP: 10/33 MP: 2/2
  1760 | D:2      | Noticed Natasha
  1764 | D:2      | Killed Natasha
  1764 | D:2      | Reached skill level 5 in Axes
  1764 | D:2      | Reached XP level 4. HP: 33/41 MP: 3/3
  1776 | D:2      | Reached ** piety under Trog
  1986 | D:2      | Noticed Natasha
  1998 | D:2      | Killed Natasha
  1998 | D:2      | Reached XP level 5. HP: 37/47 MP: 4/4
  2041 | D:2      | Found a sparkling altar of Nemelex Xobeh.
  2057 | D:2      | Noticed an ogre
  2066 | D:2      | Gained mutation: Your magical capacity is low. (-10% MP)
                  | [potion of mutation]
  2066 | D:2      | Gained mutation: Potions are less effective at restoring
                  | your health. [potion of mutation]
  2066 | D:2      | Gained mutation: You do not regenerate when monsters are
                  | visible. [potion of mutation]
  2066 | D:2      | Gained mutation: Your muscles are strong. (Str +2) [potion
                  | of mutation]
  2068 | D:2      | Killed an ogre
  2068 | D:2      | Reached skill level 5 in Fighting
  2263 | D:2      | Noticed Natasha
  2497 | D:2      | Killed Natasha
  2690 | D:3      | Reached XP level 6. HP: 56/56 MP: 4/4
  3758 | D:4      | Got an ancient long sword
  3759 | D:4      | Identified the +4 long sword of Cheibriados's Anger {slice,
                  | MR+ Int+7} (You found it on level 4 of the Dungeon)
  3766 | D:4      | Found a blossoming altar of Fedhas.
  4488 | D:4      | Found Vyneiwk's Antique Armour Boutique.
  4493 | D:4      | Bought a buckler for 135 gold pieces
  4577 | D:5      | Entered Level 5 of the Dungeon
  4581 | D:5      | Reached XP level 7. HP: 62/62 MP: 5/5
  4707 | D:5      | Reached skill level 1 in Long Blades
  4707 | D:5      | Reached skill level 1 in Stealth
  5167 | D:5      | Reached skill level 2 in Long Blades
  5449 | D:5      | Found a snail-covered altar of Cheibriados.
  5452 | D:5      | Found a shattered altar of Ashenzari.
  5590 | D:6      | Found a transporter.
  5692 | D:6      | Found a transporter.
  5937 | D:6      | Reached skill level 3 in Long Blades
  6145 | D:6      | Reached skill level 5 in Armour
  6415 | D:7      | Reached XP level 8. HP: 68/70 MP: 6/6
  6420 | D:7      | Found an opulent altar of Gozag.
  6452 | D:7      | Noticed a hippogriff
  6463 | D:7      | Killed a hippogriff
  6463 | D:7      | Reached skill level 4 in Long Blades
  6464 | D:7      | Reached *** piety under Trog
  6496 | D:7      | Reached skill level 5 in Long Blades
  6850 | D:7      | Noticed a hippogriff
  6944 | D:7      | Found a staircase to the Ecumenical Temple.
  6948 | D:7      | Reached skill level 6 in Long Blades
  6967 | D:7      | Noticed a hippogriff
  6984 | D:7      | Killed a hippogriff
  7084 | D:7      | Killed a hippogriff
  7084 | D:7      | Reached skill level 7 in Long Blades
  7084 | D:7      | Reached skill level 1 in Throwing
  7084 | D:7      | Reached XP level 9. HP: 69/78 MP: 7/7
  7226 | D:8      | Found a sand-covered staircase.
  7234 | Ossuary  | Entered an ossuary
  7373 | Ossuary  | Reached skill level 1 in Shields
  8090 | D:8      | Found Sakkaf's Antique Weapon Shop.
  8096 | D:8      | Noticed Psyche
  8174 | D:8      | Reached **** piety under Trog
  8187 | D:8      | Reached skill level 8 in Long Blades
  8196 | D:8      | Found a shimmering altar of Xom.
  8423 | D:8      | Killed Psyche
  8550 | D:9      | Found a glowing golden altar of the Shining One.
  8551 | D:9      | Found a sacrificial altar of Ru.
  8646 | D:9      | Received a gift from Trog
  8646 | D:9      | Reached skill level 9 in Long Blades
  8790 | D:9      | Reached XP level 10. HP: 77/88 MP: 8/8
  9007 | D:9      | Reached skill level 10 in Long Blades
  9145 | D:9      | Reached ***** piety under Trog
  9251 | D:9      | Found a staircase to the Lair.
  9676 | D:10     | Entered Level 10 of the Dungeon
 10535 | D:10     | Reached skill level 11 in Long Blades
 10596 | D:10     | Received a gift from Trog
 10754 | D:11     | Noticed a two-headed ogre
 10762 | D:11     | Killed a two-headed ogre
 10967 | D:11     | Reached XP level 11. HP: 78/95 MP: 8/8
 10974 | D:11     | Reached skill level 10 in Armour
 11277 | D:11     | Found a staircase to the Orcish Mines.
 11372 | D:11     | Noticed a frost giant
 11385 | D:11     | Killed a frost giant
 11385 | D:11     | Reached skill level 12 in Long Blades
 11385 | D:11     | Reached skill level 5 in Throwing
 11546 | D:11     | Got the broad axe "Enteo" {freeze}
 11552 | D:11     | Identified the +3 broad axe "Enteo" {freeze, +Rage Str+2
                  | SInv Stlth+} (You found it on level 11 of the Dungeon)
 11904 | Lair:1   | Entered Level 1 of the Lair of Beasts
 12329 | Lair:1   | Noticed Harold
 12336 | Lair:1   | Killed Harold
 12620 | Lair:1   | Received a gift from Trog
 13115 | Lair:2   | Found a staircase to the Snake Pit.
 13449 | Lair:2   | You fall through a shaft!
 14026 | Lair:3   | Noticed Rupert
 14040 | Lair:3   | Demolished by Rupert

Skill      XL: |  1  2  3  4  5  6  7  8  9 10 11 |
---------------+----------------------------------+-----
Axes           | 4 5 6 7 9 |  9.1
Fighting       | 4 5 6 7 8 9 |  9.8
Armour         | 3 5 7 8 9 11 | 11.1
Dodging        | 3 4 |  4.0
Long Blades    | 3 7 9 11 12 | 12.2
Stealth        | 1 2 |  2.6
Throwing       | 1 3 4 6 |  6.7
Shields        | 2 3 4 |  4.3

Action                   |  1- 3 |  4- 6 |  7- 9 | 10-12 || total
-------------------------+-------+-------+-------+-------++-------
Melee: Hand axe          |    52 |   117 |       |       ||   169
       Headbutt          |     8 |    17 |    55 |    57 ||   137
       Long sword        |       |    13 |   258 |   186 ||   457
       Broad axe         |       |       |       |    69 ||    69
Throw: Tomahawk          |       |       |    43 |   107 ||   150
Invok: Berserk           |     3 |     2 |     3 |     4 ||    12
       Trog's Hand       |       |     1 |       |       ||     1
       Brothers in Arms  |       |       |       |     6 ||     6
  Use: Scroll            |     5 |     7 |    10 |     8 ||    30
       Potion            |     1 |     1 |       |     2 ||     4
 Stab: Sleeping          |       |     2 |       |     1 ||     3
       Distracted        |       |       |       |     1 ||     1
  Eat: Ration            |     2 |     3 |     5 |     6 ||    16
       Chunk             |       |     1 |       |       ||     1
Armor: Animal skin       |     7 |       |       |       ||     7
       Leather armour    |     5 |    11 |       |       ||    16
       Ring mail         |       |     7 |    11 |       ||    18
       Plate armour      |       |       |   171 |    99 ||   270
       Scale mail        |       |       |       |    16 ||    16
Dodge: Dodged            |    31 |    71 |   126 |    92 ||   320
       Deflected         |       |       |       |     8 ||     8
Block: Buckler           |       |       |    42 |    51 ||    93
       Rpst.: Long sword |       |     2 |    24 |    10 ||    36
